 Dungeon Crawl Stone Soup version 0.27-a0-1595-g0b823d0 (webtiles) character file.

Game seed: 3700317349223093818

861 HDogLeCool the Shield-Bearer (level 8, -5/61 HPs)
             Began as a Human Fighter on July 19, 2021.
             Was a Priest of Yredelemnul.
             Slain by a hornet (7 damage)
             ... on level 4 of the Dungeon on July 20, 2021.
             The game lasted 00:11:59 (5640 turns).

HDogLeCool the Shield-Bearer (Human Fighter)        Turns: 5640, Time: 00:12:03

Health: -5/61      AC: 10    Str: 18    XL:     8   Next: 22%
Magic:  8/8        EV:  7    Int:  8    God:    Yredelemnul [***...]
Gold:   156        SH: 10    Dex: 14    Spells: 7/7 levels left

rFire    . . .     SeeInvis .   e - +0 dagger (venom)
rCold    . . .     Faith    .   c - +0 kite shield
rNeg     . . .     Spirit   .   b - +0 scale mail
rPois    .         Reflect  .   (no helmet)
rElec    .         Harm     .   u - +1 cloak {Stlth+}
rCorr    .         Rampage  .   g - +0 pair of gloves
Will     .....                  (no boots)
Stlth    +.........             (no amulet)
HPRegen  0.20/turn              (no ring)
MPRegen  0.11/turn              (no ring)

@: mighty, slowed, very slow
A: no striking features
a: Renounce Religion, Recall Undead Slaves, Injury Mirror, Animate Dead


You were on level 4 of the Dungeon.
You worshipped Yredelemnul.
Yredelemnul was most pleased with you.
You visited 1 branch of the dungeon, and saw 5 of its levels.

You collected 156 gold pieces.

Inventory:

Hand Weapons
 a - a +0 long sword
 e - a +0 dagger of venom (weapon)
Armour
 b - a +0 scale mail (worn)
 c - a +0 kite shield (worn)
 g - a +0 pair of gloves (worn)
 u - a +1 cloak of stealth (worn)
Jewellery
 m - a ring of positive energy
Wands
 t - a wand of polymorph (4)
Scrolls
 h - a scroll of enchant weapon {unknown}
 j - a scroll of identify {unknown}
 l - a scroll of amnesia {unknown}
 p - a scroll of brand weapon {unknown}
 q - a scroll of torment {unknown}
 v - 2 scrolls of fear {unknown}
 x - a scroll of teleportation {unknown}
Potions
 d - a potion of might
 f - 2 potions of berserk rage {unknown}
 i - a potion of curing {unknown}
 k - a potion of lignification {unknown}
 n - a potion of flight {unknown}
 o - 2 potions of heal wounds {unknown}
 r - a potion of resistance {unknown}
 s - 2 potions of invisibility {unknown}
 w - a potion of mutation {unknown}
 z - a potion of attraction {unknown}


   Skills:
 + Level 4.5 Fighting
 * Level 5.3 Long Blades
 + Level 4.6 Armour
 * Level 5.9 Shields


You had 7 spell levels left.
You didn't know any spells.
Your spell library contained the following spells:

 Spells                   Type           Power      Damage    Failure   Level
 Animate Skeleton         Necr           0%         N/A       99%         1
 Freeze                   Ice            0%         1d3       99%         1
 Pain                     Necr           0%         1d4       99%         1
 Frozen Ramparts          Ice            0%         1d2       100%        3
 Vampiric Draining        Necr           0%         2d6       100%        3
 Hailstorm                Conj/Ice       0%         3d3       100%        4


Dungeon Overview and Level Annotations

Branches:
Dungeon (5/15)
 Temple: D:4-7

Altars:
Ashenzari
Elyvilon
Fedhas
Hepliaklqana
Kikubaaqudgha
Makhleb
Uskayaw
Xom
Yredelemnul

Shops:
D:5 *

Annotations:
D:4 2 transporters, moogleknight's ghost, amateur MfBe
D:5 Menkaure


Message History

The hornet stings you but does no damage.
You see here 22 bolts.
You feel sick. You block the hornet's attack.
You feel sick.
You feel sick. The hornet stings you!
You are more poisoned.
You suddenly lose the ability to move!
You can move again.
There is a stone staircase leading up here.
You feel very sick.
The hornet stings you but does no damage.
You climb upwards.
Level annotation: 2 transporters, moogleknight's ghost, amateur MfBe You feel very sick.
There is a stone staircase leading down here.
You don't know any spells.
Your +0 dagger of venom begins to drip with poison!
e - a +0 dagger of venom (weapon)
The hornet completely misses you.
You are too injured to fight recklessly!
You closely miss the hornet.
You feel sick. The hornet barely misses you. You block the hornet's attack.
You feel very mighty all of a sudden.
You feel sick. The hornet stings you!
* * * LOW HITPOINT WARNING * * *
You feel yourself slow down.
You puncture the hornet!
The hornet looks as sick as possible!
The hornet is moderately wounded.
You feel yourself speed up.
You feel sick.
You block the hornet's attack. x2; The hornet stings you.
* * * LOW HITPOINT WARNING * * *
You feel yourself slow down.
You closely miss the hornet.
The hornet is severely wounded.
* * * LOW HITPOINT WARNING * * *
You feel sick.
You are no longer poisoned.
You block the hornet's attack. The hornet stings you!
You die...
Your body rises from the dead as a mindless zombie.

####...#####.####.##Z########
#..........#.####.##.####...#
##.....................ZZ...#
##.Z...............#.####Z..#
#........#.#..###..#.# ##.##
######................#.# #Z#
.#.........##.#..####.#.# #.#
...............y.# #Z#.# #Z#
##..##..........@# ##.#.# #.#
.........###..#### #...># ##†###
#..........>..# #..### #....Z
#.....##.###.## #..# #..##Z
#...#.##.# #.## #..### ##'##.
##..#.##.# #..## #....####≈≈≈#†
##.....#.###.#.#####.##.##.'≈≈≈+.
##..........###......##.##.#≈≈≈##
##..#####.##.#.###.........##+##


You could see a hornet (extremely poisoned).

Vanquished Creatures
  A sky beast (D:5)
  3 scorpions
  2 vampire bats (D:5)
  An orc wizard (D:3)
  A hound zombie (D:5)
  2 adders
  An adder zombie (D:5)
  A dart slug (D:2)
  8 orcs
  3 bat skeletons (D:5)
  A bat zombie (D:5)
  4 endoplasms
  6 giant cockroaches
  6 goblins
  5 hobgoblins
  5 jackals (D:3)
  3 quokkas
  9 ball pythons
  7 bats
  5 frilled lizards
  7 kobolds
  3 rats
84 creatures vanquished.

Vanquished Creatures (collateral kills)
  Pikel (D:4)
  An ogre (D:4)
  Crazy Yiuf (D:3)
  An orc (D:3)
  2 ball pythons
  A bat skeleton (D:5)
  An endoplasm (D:3)
  2 jackals (D:3)
  2 kobolds
12 creatures vanquished.

Vanquished Creatures (others)
  2 bat zombies
  2 ball python zombies
  A giant cockroach zombie (D:3)
  A hobgoblin zombie (D:3)
  4 jackal zombies (D:3)
  An orc zombie (D:5)
  A quokka zombie (D:5)
  A sky beast zombie (D:5)
13 creatures vanquished.

Grand Total: 109 creatures vanquished

Notes
Turn   | Place    | Note
-------+----------+-------------------------------------------
     0 | D:1      | HDogLeCool the Human Fighter began the quest for the Orb.
     0 | D:1      | Reached XP level 1. HP: 18/18 MP: 1/1
    46 | D:1      | Found a faded altar of an unknown god.
    58 | D:1      | Became a worshipper of Yredelemnul the Dark
    58 | D:1      | Reached * piety under Yredelemnul
   133 | D:1      | Reached XP level 2. HP: 23/24 MP: 2/2
   993 | D:2      | Reached XP level 3. HP: 17/29 MP: 0/3
  1173 | D:2      | Reached ** piety under Yredelemnul
  1519 | D:2      | Reached XP level 4. HP: 30/35 MP: 4/4
  2422 | D:3      | Found a burning altar of Makhleb.
  2534 | D:3      | Found a runed translucent door.
  2535 | D:3      | Noticed Crazy Yiuf
  2618 | D:3      | Reached XP level 5. HP: 19/41 MP: 5/5
  3003 | D:3      | Killed Crazy Yiuf
  3406 | D:4      | Reached XP level 6. HP: 39/48 MP: 6/6
  3530 | D:4      | Found an iron altar of Okawaru.
  3532 | D:4      | Found a basalt altar of Yredelemnul.
  3532 | D:4      | Found a hide-covered altar of Uskayaw.
  3532 | D:4      | Noticed an ogre
  3534 | D:4      | Found a shimmering altar of Xom.
  3534 | D:4      | Found a white marble altar of Elyvilon.
  3534 | D:4      | Found a hazy altar of Hepliaklqana.
  3542 | D:4      | Killed an ogre
  3905 | D:4      | Found a broken altar of Ashenzari.
  3905 | D:4      | Found a blossoming altar of Fedhas.
  4143 | D:4      | Found a transporter.
  4159 | D:4      | Noticed a necrophage
  4163 | D:4      | Found a transporter.
  4164 | D:4      | Noticed moogleknight's ghost (amateur MfBe)
  4346 | D:4      | Noticed Pikel
  4364 | D:4      | Killed Pikel
  4365 | D:4      | Reached skill level 5 in Shields
  4365 | D:4      | Reached XP level 7. HP: 22/54 MP: 7/7
  4691 | D:5      | Entered Level 5 of the Dungeon
  4872 | D:5      | Reached skill level 5 in Long Blades
  4872 | D:5      | Reached XP level 8. HP: 61/61 MP: 8/8
  4921 | D:5      | Upgraded the game from 0.27-a0-1591-gc56fcc9 to
                  | 0.27-a0-1595-g0b823d0
  5049 | D:5      | Found Megiu's Assorted Antiques.
  5116 | D:5      | Reached *** piety under Yredelemnul
  5131 | D:5      | Found an ancient bone altar of Kikubaaqudgha.
  5279 | D:5      | Noticed Menkaure
  5617 | D:5      | Noticed a hornet
  5633 | D:5      | Paralysed by a hornet for 1 turns
  5639 | D:4      | HP: 3/61 [hornet (4)]
  5640 | D:4      | Slain by a hornet

Illustrated notes

Levels and vault maps discovered:
D:1:      moated_graveyard_arrival, layout_loops_ring,
          hellmonk_ecumenical_altar_lost_god
D:2:      layout_rooms, st_stairs_8, minmay_split_cup_small
D:3:      layout_basic, bloody_makhleb, minmay_splitting_lines,
          uniq_crazy_yiuf_cottage
D:4:      layout_loops_ring, doesnt_xom_only_xom,
          mainiacjoe_overflow_large_starburst, gammafunk_ghost_mausoleum,
          minmay_liquid_box, dk_rats_in_the_wall, uniq_pikel
D:5:      layout_loops_cross, kennysheep_vampire_church,
          serial_co_window_serial, co_window_corner_a, co_window_corner_a,
          co_window_corner_a, co_window_of_opportunity_a, co_window_paths_a,
          co_window_corner_a, co_window_of_opportunity_a, co_window_2corner,
          co_window_unsneaky_path_b, co_window_unsneaky_path_e,
          co_window_of_opportunity_c, co_window_4corner_b, serial_shops,
          nicolae_shop_window_shopping, uniq_menkaure, uniq_edmund

Skill      XL: |  1  2  3  4  5  6  7 |
---------------+----------------------+-----
Long Blades    | 3 4 5 |  5.3
Shields        | 4 5 |  5.9
Fighting       | 4 |  4.5
Armour         | 4 |  4.6

Action                   |  1- 3 |  4- 6 |  7- 9 || total
-------------------------+-------+-------+-------++-------
Melee: Long sword        |    69 |       |     6 ||    75
       Dagger            |    24 |   138 |    81 ||   243
       Unarmed           |       |     2 |       ||     2
Invok: Animate Remains   |     7 |    19 |     3 ||    29
  Use: Potion            |       |       |     1 ||     1
 Stab: Distracted        |       |     3 |     1 ||     4
       Sleeping          |       |     1 |       ||     1
Armor: Scale mail        |    40 |    57 |    67 ||   164
Dodge: Dodged            |    22 |    22 |    38 ||    82
Block: Kite shield       |    49 |    60 |    58 ||   167
       Rpst.: Long sword |     9 |       |     1 ||    10

Table legend: (Time is in decaauts)
 A = Elapsed time spent in this place.
 B = Non-inter-level travel time spent in this place.
 C = Inter-level travel time spent in this place.
 D = Time resting spent in this place.
 E = Time spent auto-exploring this place.
 F = Levels seen in this place.
 G = Mean time per level.
                   A        B        C        D        E       F      G
               +--------+--------+--------+--------+--------+-----+--------+
         Total |   5699 |   5534 |    165 |   1275 |   3250 |   5 | 1139.8 |
       Dungeon |   5699 |   5534 |    165 |   1275 |   3250 |   5 | 1139.8 |
               +--------+--------+--------+--------+--------+-----+--------+

Top non-repeatable levels by time:
     D:3: 1721 daAuts
     D:4: 1539 daAuts
     D:1: 970 daAuts
     D:5: 745 daAuts
     D:2: 722 daAuts
